 Dungeon Crawl Stone Soup version 0.17.1-2-g5865329 (webtiles) character file.

2877 No2run the Severer (level 9, -5/70 HPs)
             Began as a Hill Orc Fighter on Jan 11, 2016.
             Was a High Priest of Jiyva.
             Slain by a sixfirhy (9 damage)
             ... summoned by a kobold demonologist
             ... on level 8 of the Dungeon.
             The game lasted 00:50:55 (5356 turns).

No2run the Severer (Hill Orc Fighter)               Turns: 5356, Time: 00:50:55

Health: -5/70      AC: 11    Str: 23    XL:     9   Next: 76%
Magic:  9/9        EV:  8    Int: 10    God:    Jiyva [*****.]
Gold:   122        SH:  9    Dex: 10    Spells: 0 memorised, 8 levels left

rFire  + . .     SeeInvis .     d - +3 war axe (vamp)
rCold  . . .     Clarity  .     i - +6 ring mail "Zietty" {*Drain rF+ rN+ Str+3}
rNeg   + . .     SustAt   .     c - +0 shield
rPois  .         Gourm    .     f - +0 helmet
rElec  .         Spirit   .     w - +0 cloak
rCorr  +         Warding  .     (no gloves)
rMut   +         Stasis   .     (no boots)
MR     .....                    b - amulet of resist mutation
Stlth  ..........               (no ring)
                                v - ring of invisibility

@: corroded equipment, not resistant to hostile enchantments, extremely
unstealthy
A: gelatinous body 1
a: Request Jelly, Jelly Paralyse, Slimify, Cure Bad Mutation, Renounce Religion,
Evoke Invisibility


You were on level 8 of the Dungeon.
You worshipped Jiyva.
Jiyva was extremely pleased with you.
You were full.

You visited 1 branch of the dungeon, and saw 8 of its levels.

You collected 220 gold pieces.
You spent 98 gold pieces at shops.

Inventory:

Hand Weapons
 a - a +1 war axe
 d - a +3 vampiric war axe (weapon)
 n - a +2 hand axe of draining
 x - a +0 mace
 K - a +0 short sword of venom
Armour
 c - a +0 shield (worn)
 f - a +0 helmet (worn)
 i - the +6 ring mail "Zietty" (worn) {*Drain rF+ rN+ Str+3}
   (You found it on level 5 of the Dungeon)

   It affects your strength (+3).
   It protects you from fire.
   It protects you from negative energy.
   It causes draining when unequipped.
 w - a +0 cloak (worn)
 G - a +0 plate armour
Jewellery
 b - an amulet of resist mutation (around neck)
 q - an uncursed amulet of rage
 v - a ring of invisibility (left hand)
Wands
 s - a wand of frost (24)
 y - a wand of cold (6)
 E - a wand of cold (6)
Scrolls
 o - a scroll of enchant armour
 r - 3 scrolls of identify
 B - 2 scrolls of remove curse
 J - a scroll of magic mapping {unknown}
Potions
 j - a potion of invisibility {unknown}
 k - a potion of ambrosia {unknown}
 l - a potion of brilliance
 p - a potion of flight {unknown}
 u - a potion of cancellation {unknown}
 D - a potion of curing {unknown}
Books
 g - a book of Clouds

   Spells                             Type                      Level
   a - Mephitic Cloud                 Conjuration/Poison/Air       3
   b - Conjure Flame                  Conjuration/Fire             3
   c - Poisonous Cloud                Conjuration/Poison/Air       6
   d - Freezing Cloud                 Conjuration/Ice/Air          6
   e - Ring of Flames                 Charms/Fire                  7
 h - a book of Beasts

   Spells                             Type                      Level
   a - Summon Butterflies             Summoning                    1
   b - Call Canine Familiar           Summoning                    3
   c - Summon Ice Beast               Ice/Summoning                4
   d - Summon Mana Viper              Hexes/Summoning              5
   e - Summon Hydra                   Summoning                    7
 m - a book of Callings

   Spells                             Type                      Level
   a - Summon Small Mammal            Summoning                    1
   b - Call Imp                       Summoning                    2
   c - Call Canine Familiar           Summoning                    3
   d - Summon Guardian Golem          Hexes/Summoning              3
   e - Summon Lightning Spire         Summoning/Air                4
   f - Summon Ice Beast               Ice/Summoning                4
 z - a book of Alchemy

   Spells                             Type                      Level
   a - Sublimation of Blood           Necromancy                   2
   b - Ignite Poison                  Fire/Transmutation/Poison    3
   c - Alistair's Intoxication        Transmutation/Poison         4
   d - Condensation Shield            Ice                          4
   e - Petrify                        Transmutation/Earth          4
   f - Irradiate                      Conjuration/Transmutation    5
 F - a book of Enchantments

   Spells                             Type                      Level
   a - Cause Fear                     Hexes                        4
   b - Silence                        Hexes/Air                    5
   c - Deflect Missiles               Charms/Air                   6
   d - Haste                          Charms                       6
   e - Discord                        Hexes                        8
Comestibles
 e - 6 bread rations
 t - 11 chunks of flesh
 A - a meat ration
 C - 2 beef jerkies
 H - 4 mutagenic chunks of flesh
 I - 5 inedible chunks of flesh


   Skills:
 - Level 3.6 Fighting
 - Level 16.0 Axes
 - Level 3.2 Armour
 + Level 3.8 Shields


You had 8 spell levels left.
You didn't know any spells.

Dungeon Overview and Level Annotations

Branches:
Dungeon (8/15)             Temple (0/1) D:7
   Lair: D:8-11

Altars:
Ashenzari
Cheibriados
Elyvilon
Kikubaaqudgha
Ru
Sif Muna
Trog
Yredelemnul
Jiyva

Shops:
D:5 (%*([


Innate Abilities, Weirdness & Mutations

Your rubbery body absorbs attacks (AC +1).


Message History

The kobold demonologist casts a cantrip, but nothing happens.
The kobold demonologist casts a spell.
You closely miss the sixfirhy. You block the sixfirhy's attack.
You miss the sixfirhy. You closely miss the sixfirhy.
The kobold demonologist mumbles some strange words.
You closely miss the sixfirhy.
The sixfirhy hits you but does no damage.
The kobold demonologist casts a spell.
The sixfirhy hits you. The sixfirhy shocks you!
You slash the sixfirhy!
The sixfirhy is moderately wounded.
You block the sixfirhy's attack. The sixfirhy hits you!
* * * LOW HITPOINT WARNING * * *
The sixfirhy shocks you!
* * * LOW HITPOINT WARNING * * *
The sixfirhy hits you.
* * * LOW HITPOINT WARNING * * *
The sixfirhy shocks you!
You die...

# . # # # ### .
KKKK5###############
#K54@...........#
###############.#
#.# #.# #.# #.#
....# #.# ....# #.#
.... #.#


You could see 2 kobold demonologists, a sixfirhy, a big kobold, a quasit, an
ufetubus and 2 kobolds.

Vanquished Creatures
  Joseph (D:7)
  A wraith (D:7)
  A hippogriff (D:7)
  An orc warrior (D:6)
  2 black bears (D:8)
  3 centaurs
  An ice beast (D:8)
  2 sky beasts (D:8)
  2 necrophages (D:8)
  4 ogres
  3 giant frogs
  A big kobold (D:8)
  2 scorpions (D:4)
  3 crimson imps
  A giant frog zombie (D:6)
  An orc wizard (D:6)
  A giant frog skeleton (D:4)
  3 hounds
  An iguana (D:7)
  2 worker ants
  A killer bee zombie (D:8)
  A worker ant zombie (D:6)
  8 adders
  4 gnolls (D:6)
  2 shadow imps
  2 adder skeletons
  2 worms
  5 giant geckos
  9 orcs
  8 bats
  7 goblins
  6 hobgoblins
  6 jackals
  A giant cockroach (D:2)
  2 giant gecko skeletons
  6 giant newts
  9 kobolds
  4 quokkas
  7 rats
126 creatures vanquished.

Vanquished Creatures (others)
  A phantom (D:3)
  A black bear (D:7)
  The ghost of Poody the Archer, an amateur CeHu of Okawaru (D:4)
  A giant frog (D:6)
  3 jellies
  A centaur zombie (D:6)
  A hound (D:5)
  An orc priest (D:3)
  A worker ant (D:5)
  A worker ant zombie (D:5)
  4 adders
  A shadow imp (D:6)
  An ooze (D:7)
  A worm (D:5)
  A giant gecko (D:5)
  4 orcs
  4 bats (D:3)
  A giant cockroach (D:3)
  A jackal (D:7)
  A kobold (D:3)
  A quokka (D:5)
  A rat (D:2)
33 creatures vanquished.

Grand Total: 159 creatures vanquished

Notes
Turn   | Place    | Note
--------------------------------------------------------------
     0 | D:1      | No2run the Hill Orc Fighter began the quest for the Orb.
     0 | D:1      | Reached XP level 1. HP: 19/19 MP: 1/1
   237 | D:1      | Reached skill level 4 in Axes
   237 | D:1      | Reached XP level 2. HP: 20/26 MP: 2/2
   526 | D:1      | Reached XP level 3. HP: 28/31 MP: 3/3
  1296 | D:2      | Reached skill level 5 in Axes
  1390 | D:2      | Found a basalt altar of Yredelemnul.
  1415 | D:2      | Found a faded altar to an unknown god.
  1430 | D:2      | Became a worshipper of Jiyva Jagun the Shapeless
  1430 | D:2      | Reached * piety under Jiyva
  1454 | D:2      | Reached XP level 4. HP: 32/39 MP: 4/4
  1775 | D:2      | Found a white marble altar of Elyvilon.
  2062 | D:3      | Reached skill level 6 in Axes
  2062 | D:3      | Reached ** piety under Jiyva
  2396 | D:3      | Noticed a phantom
  2416 | D:3      | Killed a phantom
  2416 | D:3      | Reached skill level 7 in Axes
  2416 | D:3      | Reached XP level 5. HP: 36/45 MP: 5/5
  2529 | D:4      | Found a sand-covered staircase.
  2564 | D:4      | Found a sacrificial altar of Ru.
  2577 | D:4      | Found a deep blue altar of Sif Muna.
  2581 | D:4      | Found an ancient bone altar of Kikubaaqudgha.
  2676 | D:4      | Found a snail-covered altar of Cheibriados.
  2705 | D:4      | Reached skill level 8 in Axes
  2705 | D:4      | Reached XP level 6. HP: 37/51 MP: 6/6
  2747 | D:4      | Noticed Poody's ghost (amateur CeHu)
  2776 | D:4      | Killed Poody's ghost
  2891 | D:4      | Reached *** piety under Jiyva
  2920 | D:4      | Gained mutation: You are robust (+10% HP). [Jiyva's grace]
  2994 | D:4      | Reached skill level 9 in Axes
  3269 | D:5      | Entered Level 5 of the Dungeon
  3277 | D:5      | Found Ihoeqi's Antique Weapon Boutique.
  3285 | D:5      | Bought a runed war axe for 98 gold pieces
  3311 | D:5      | Reached XP level 7. HP: 18/62 MP: 7/7
  3341 | D:5      | Found Figair's Food Shoppe.
  3352 | D:5      | Found Adutzor's Antique Weapon Emporium.
  3379 | D:5      | Reached skill level 10 in Axes
  3385 | D:5      | Got a blackened ring mail
  3412 | D:5      | Found Ywkiddus's Antique Armour Shop.
  3468 | D:5      | Found Loteh's Assorted Antiques.
  3837 | D:6      | Reached skill level 11 in Axes
  3913 | D:6      | Reached **** piety under Jiyva
  3913 | D:6      | Gained mutation: Your rubbery body absorbs attacks (AC +1). [Jiyva's grace]
  3931 | D:6      | Reached XP level 8. HP: 70/70 MP: 8/8
  4042 | D:6      | Reached skill level 12 in Axes
  4320 | D:7      | Reached skill level 13 in Axes
  4334 | D:7      | Noticed Joseph
  4358 | D:7      | Killed Joseph
  4358 | D:7      | Reached skill level 14 in Axes
  4358 | D:7      | Reached XP level 9. HP: 23/77 MP: 9/9
  4419 | D:7      | Found a staircase to the Ecumenical Temple.
  4492 | D:7      | Reached ***** piety under Jiyva
  4495 | D:7      | Lost mutation: You are robust (+10% HP). [Jiyva's grace]
  4500 | D:7      | Identified the +6 ring mail "Zietty" {*Drain rF+ rN+ Str+3} (You found it on level 5 of the Dungeon)
  5063 | D:8      | Reached skill level 15 in Axes
  5153 | D:8      | Found a shattered altar of Ashenzari.
  5255 | D:8      | Reached skill level 16 in Axes
  5269 | D:8      | Found a bloodstained altar of Trog.
  5327 | D:8      | Noticed a kobold demonologist
  5328 | D:8      | Noticed a kobold demonologist
  5341 | D:8      | Noticed a rust devil
  5349 | D:8      | Noticed a sixfirhy
  5356 | D:8      | Slain by a sixfirhy

Action                   |  1- 3 |  4- 6 |  7- 9 || total
-------------------------+-------+-------+-------++-------
Melee: War axe           |    99 |   101 |   255 ||   455
       Mace              |       |    46 |       ||    46
 Abil: Evoke Berserk Rag |     1 |       |       ||     1
  Use: Scroll            |     2 |     5 |       ||     7
       Potion            |       |     1 |       ||     1
 Stab: Distracted        |       |     1 |       ||     1
  Eat: Chunk             |     3 |     3 |       ||     6
       Meat ration       |       |     1 |       ||     1
       Pizza             |       |     1 |       ||     1
